Map: Dusty Gorge

Players

Massa - Winner!

  • Race: Terran Terran
  • League: Gold
  • Spawn Location: 5:00

qqq - Winner!

  • Race: Protoss Protoss
  • League: Platinum
  • Spawn Location: 3:00

noway

  • Race: Zerg Zerg
  • League: Diamond
  • Spawn Location: 9:00

Krays

  • Race: Protoss Protoss
  • League: Platinum
  • Spawn Location: 11:00

VOD

Have the link to the VOD?

Description

Time

  • Played on: June 5, 2020, 11:43 a.m.
  • Length: 17:57
Show
View Real Time Build Order
Export as new Build Order

Massa Terran - Winner!

Build Orders:  

Get SALT Encoding   

  12  0:06  SCV  
  13  0:17  Supply Depot  
  13  0:22  SCV  
  14  0:34  SCV  
  15  0:46  SCV  
  16  0:59  SCV  
  17  1:11  SCV  
  18  1:16  Barracks  
  18  1:25  Command Center  
  18  1:33  Engineering Bay  
  18  1:43  SCV  
  19  1:49  Refinery  
  19  1:51  Refinery  
  19  1:56  SCV  
  20  2:08  SCV  
  21  2:20  SCV, Supply Depot  
  21  2:22  Marine  
  23  2:26  Supply Depot  
  23  2:40  Marine  
  24  3:01  Hi-Sec Auto Tracking  
  24  3:25  Marine  
  24  3:35  Bunker  
  24  3:42  Marine  
  24  3:44  SCV  
  26  3:53  Barracks  
  24  3:57  SCV  
  24  4:00  Marine  
  26  4:05  Terran Infantry Weapons Level 1  
  26  4:07  Supply Depot  
  26  4:10  Factory  
  26  4:15  Barracks  
  26  4:18  Marine  
  27  4:32  SCV  
  27  4:36  Marine  
  29  4:42  Supply Depot  
  29  4:44  SCV  
  30  4:58  Marine  
  31  5:04  Marine  
  31  5:05  Command Center  
  32  5:16  Marine  
  33  5:24  Marine  
  34  5:34  Marine  
  35  5:42  Marine  
  36  5:52  Marine  
  36  5:59  Terran Infantry Armor Level 1  
  36  6:00  Marine  
  37  6:09  Marine  
  37  6:18  Marine  
  34  6:27  Marine  
  33  6:34  Factory Tech Lab  
  33  6:35  Barracks Tech Lab, Marine  
  32  6:45  SCV, Marine  
  34  6:50  Orbital Command  
  34  6:53  Marine  
  35  6:57  SCV  
  36  7:03  Marine, Command Center  
  36  7:04  Siege Tank  
  40  7:09  SCV  
  40  7:11  Barracks, Marine  
  42  7:21  SCV, Marine  
  44  7:29  Marine  
  45  7:34  SCV  
  36  7:38  Marine  
  37  7:47  Marine  
  37  7:50  Barracks  
  38  7:55  Factory  
  38  7:56  Marine  
  39  7:59  Stimpack  
  39  8:03  Barracks Tech Lab  
  39  8:04  Marine  
  40  8:12  Ghost Academy  
  40  8:14  Marine  
  40  8:15  SCV  
  40  8:16  SCV  
  43  8:22  Marine  
  43  8:24  Orbital Command  
  43  8:27  SCV  
  45  8:29  SCV  
  45  8:32  Marine  
  47  8:39  SCV  
  47  8:40  Marine  
  47  8:41  SCV  
  50  8:42  Engineering Bay  
  50  8:47  Armory, Personal Cloaking  
  50  8:50  Marine  
  50  8:51  SCV  
  50  8:53  Barracks Tech Lab, SCV  
  53  8:56  Factory Tech Lab  
  53  8:58  Marine  
  54  9:03  SCV  
  54  9:08  Marine  
  55  9:16  Marine  
  50  9:40  Siege Tank  
  50  9:44  Terran Vehicle Weapons Level 1  
  53  9:54  Terran Infantry Weapons Level 2  
  53  9:55  Terran Infantry Armor Level 2  
  53  9:59  Ghost  
  55  10:04  Combat Shield  
  55  10:11  Marauder  
  55  10:13  Nuke  
  57  10:27  Ghost  
  59  10:32  Marauder  
  45  11:10  Marauder, Marine x2  
  42  11:13  Siege Tank  
  45  11:23  Concussive Shells  
  45  11:28  Marine x2  
  45  11:32  Marauder  
  47  11:39  Terran Vehicle And Ship Armor Level 1  
  46  11:46  Marine  
  43  11:52  Marine  
  42  11:54  Marauder  
  38  12:10  Marauder  
  34  12:16  Marauder  
  35  12:24  Refinery  
  35  12:31  Marauder  
  35  12:32  Barracks  
  35  12:34  Orbital Command  
  35  12:35  Refinery, Barracks  
  37  13:21  Missile Turret  
  37  13:34  Command Center  
  37  13:42  Missile Turret  
  37  13:44  Barracks Reactor  
  37  13:45  Barracks Reactor  
  39  14:04  Missile Turret  
  37  14:26  Marine x3  
  37  14:27  Marauder x2, Marine  
  43  14:44  Marine x3  
  43  14:45  Marine  
  38  14:49  Marauder x2  
  41  14:53  Thor  
  47  15:02  Marine x3  
  47  15:03  Marine  
  47  15:05  Terran Infantry Weapons Level 3  
  51  15:10  Marauder x2  
  51  15:13  SCV  
  56  15:19  Marine  
  56  15:20  Marine x2  
  59  15:25  SCV  
  60  15:31  Marauder  
  62  15:37  SCV  
  63  15:49  SCV  
  64  15:56  Missile Turret  
  64  15:58  SCV  
  64  16:01  SCV x2  
  67  16:08  Marauder  
  69  16:17  Missile Turret  
  69  16:22  Supply Depot  
  69  16:38  Sensor Tower, Missile Turret  
  69  16:44  SCV x2, Marauder, Marine x4  
  77  16:47  Supply Depot  
  77  16:59  Missile Turret  
  77  17:00  Sensor Tower  
  77  17:02  Orbital Command  
  77  17:05  Sensor Tower  
  77  17:08  SCV x2, Marine x4  
  77  17:09  Marauder, Supply Depot  
  85  17:20  Supply Depot  
  85  17:31  Marauder, Sensor Tower  
  85  17:33  Supply Depot  
  93  17:42  SCV x2  
  93  17:43  Supply Depot  
  101  17:55  Supply Depot  
Show
View Real Time Build Order
Export as new Build Order

qqq Protoss - Winner!

Build Orders:  

Get SALT Encoding   

  12  0:01  Probe  
  13  0:16  Pylon  
  13  0:19  Probe  
  14  0:35  Forge  
  14  0:52  Pylon  
  14  1:04  Assimilator  
  14  1:06  Probe  
  15  1:13  Photon Cannon  
  15  1:21  Pylon  
  15  1:28  Gateway  
  15  1:42  Pylon  
  15  2:02  Photon Cannon  
  15  2:05  Photon Cannon  
  15  2:14  Photon Cannon  
  15  2:37  Photon Cannon  
  15  2:40  Pylon  
  15  2:50  Pylon  
  15  3:07  Pylon  
  15  3:19  Zealot (Chrono Boost)  
  16  3:36  Photon Cannon  
  16  3:39  Zealot (Chrono Boost)  
  17  3:54  Cybernetics Core  
  17  3:57  Probe  
  17  4:01  Zealot (Chrono Boost)  
  18  4:09  Probe  
  19  4:21  Probe  
  22  4:33  Probe, Stalker  
  23  4:49  Assimilator  
  23  4:50  Probe  
  24  5:02  Probe  
  24  5:03  Stalker  
  27  5:14  Probe  
  26  5:26  Probe  
  27  5:33  Stalker  
  27  5:47  Probe  
  26  6:03  Stalker  
  26  6:26  Stargate  
  26  6:33  Stalker (Chrono Boost)  
  26  6:39  Nexus  
  28  6:58  Stalker (Chrono Boost)  
  30  7:23  Stalker  
  30  7:24  Void Ray  
  30  7:29  Pylon  
  36  7:32  Pylon  
  36  7:35  Pylon  
  36  8:07  Void Ray  
  40  8:27  Probe  
  41  8:31  Assimilator  
  41  8:36  Assimilator  
  41  8:39  Probe  
  40  8:42  Stalker  
  42  8:49  Void Ray  
  42  8:51  Probe  
  47  9:03  Probe  
  47  9:09  Stargate  
  48  9:12  Stalker  
  48  9:15  Probe  
  47  9:32  Void Ray  
  47  9:37  Probe  
  50  9:47  Stalker  
  50  9:49  Probe  
  53  10:01  Probe  
  54  10:13  Probe  
  55  10:17  Stalker  
  55  10:18  Fleet Beacon  
  57  10:24  Void Ray  
  57  10:25  Probe  
  62  10:47  Stalker  
  64  11:07  Tempest  
  69  11:12  Carrier  
  69  11:17  Stalker  
  64  11:45  Photon Cannon  
  62  11:47  Probe, Stalker  
  63  11:59  Probe  
  64  12:03  Probe  
  65  12:11  Probe  
  67  12:15  Probe, Photon Cannon  
  65  12:25  Pylon  
  65  12:28  Pylon  
  65  12:43  Probe x2  
  58  12:55  Probe  
  35  13:07  Probe  
  36  13:15  Carrier (Chrono Boost)  
  48  13:22  Probe  
  48  13:25  Carrier (Chrono Boost)  
  49  13:34  Probe  
  50  13:46  Probe  
  51  13:51  Mothership (Chrono Boost)  
  59  13:58  Probe  
  60  14:10  Probe  
  61  14:28  Phoenix x2  
  65  14:53  Carrier  
  65  14:58  Nexus  
  71  15:16  Carrier  
  77  15:35  Pylon  
  68  15:46  Protoss Air Weapons Level 1  
  67  16:18  Probe  
  68  16:30  Probe, Photon Cannon  
  69  16:42  Probe  
  70  16:54  Probe  
  71  17:18  Nexus  
  71  17:26  Probe  
  72  17:35  Photon Cannon  
  72  17:38  Probe  
Show
View Real Time Build Order
Export as new Build Order

noway Zerg 

Build Orders: Pool First 

Get SALT Encoding   

  12  0:01  Drone  
  13  0:09  Drone  
  14  0:18  Overlord  
  14  0:24  Extractor, Drone  
  14  0:41  Spawning Pool  
  13  0:48  Drone  
  13  0:49  Drone  
  15  0:55  Drone  
  16  1:02  Drone  
  17  1:27  Metabolic Boost  
  17  1:29  Zergling x4  
  17  1:30  Queen  
  21  1:38  Overlord  
  21  1:45  Zergling x2  
  22  2:00  Spine Crawler, Zergling x2  
  21  2:11  Zergling x2  
  21  2:12  Spine Crawler  
  20  2:19  Drone  
  21  2:30  Zergling x2  
  22  2:41  Zergling x2  
  23  2:51  Zergling x2  
  24  2:54  Zergling x2  
  24  2:55  Zergling x4  
  27  3:07  Hatchery  
  26  3:18  Zergling x4  
  26  3:35  Queen  
  25  3:54  Zergling x6  
  24  4:04  Zergling x2  
  24  4:07  Drone x3  
  24  4:08  Extractor  
  27  4:11  Zergling x2  
  28  4:24  Zergling x4  
  30  4:33  Zergling x2  
  30  4:34  Zergling x2  
  24  5:02  Drone  
  24  5:03  Drone x5, Roach Warren  
  29  5:10  Queen  
  31  5:23  Zergling x4  
  31  5:24  Zergling x2  
  34  5:32  Zergling x4  
  33  5:42  Zergling x6  
  36  5:59  Overlord x2  
  36  6:09  Roach x2  
  36  6:18  Roach x3  
  38  6:27  Roach x2  
  42  6:34  Lair  
  42  6:43  Roach x2  
  46  6:50  Spore Crawler  
  45  6:58  Overlord  
  45  7:00  Roach  
  47  7:06  Roach  
  47  7:07  Roach  
  47  7:38  Glial Reconstitution  
  47  7:42  Burrow  
  48  7:44  Drone x4  
  49  7:56  Roach x2  
  49  7:57  Roach x2  
  55  8:10  Pneumatized Carapace  
  55  8:11  Nydus Network  
  54  8:16  Roach  
  54  8:29  Spore Crawler  
  54  8:32  Spine Crawler  
  52  8:45  Roach x5  
  50  8:54  Roach x5  
  50  8:55  Roach  
  50  8:57  Roach x4  
  50  8:58  Overlord x2  
  50  9:00  Roach x4  
  58  9:04  Roach x2  
  54  9:19  Roach x4  
  60  9:29  Roach x2  
  60  9:36  Roach x10  
  60  9:41  Tunneling Claws  
  60  9:49  Zergling x4  
  60  9:50  Zergling x4  
  64  10:07  Zergling x2  
  64  10:08  Zergling x10  
  70  10:14  Nydus Canal  
  70  10:40  Spore Crawler  
  64  10:53  Queen  
  60  11:11  Overseer x2  
  56  11:20  Hydralisk Den  
  50  11:28  Spore Crawler x2  
  50  11:29  Roach x14  
  47  11:39  Drone x6  
  41  12:02  Drone x4  
  41  12:03  Drone  
  46  12:17  Hatchery  
  46  12:22  Drone x2, Queen  
  47  12:28  Extractor  
  46  12:30  Roach x13  
  46  12:43  Drone x9  
  41  13:15  Queen  
  41  13:16  Drone x4  
  43  13:20  Nydus Canal  
  43  13:34  Hydralisk  
  43  13:36  Drone  
  45  13:42  Roach x12  
  45  13:43  Hydralisk  
  47  13:51  Drone x3  
  50  13:58  Nydus Canal  
  50  14:07  Drone x2  
  52  14:18  Hydralisk  
  52  14:19  Roach x6  
  54  14:36  Hydralisk x2  
  50  14:41  Roach x5  
  50  14:43  Roach x5  
  54  14:50  Hydralisk  
  52  15:06  Hydralisk x3  
  54  15:21  Nydus Canal  
  54  15:25  Overlord x2  
  54  15:33  Spore Crawler  
  53  15:42  Overlord x2  
  53  15:57  Hydralisk x2  
  57  16:05  Hydralisk  
  57  16:11  Overseer  
  59  16:30  Hydralisk x2  
  59  16:31  Hydralisk x2  
  67  16:37  Extractor  
  66  16:54  Overlord  
  66  17:12  Hydralisk  
  68  17:22  Hydralisk  
  68  17:23  Hydralisk  
Show
View Real Time Build Order
Export as new Build Order

Krays Protoss 

Build Orders:  

Get SALT Encoding   

  12  0:00  Probe  
  13  0:13  Probe  
  14  0:22  Pylon  
  15  0:28  Probe  
  15  0:40  Gateway  
  15  0:43  Probe (Chrono Boost)  
  16  0:53  Assimilator  
  16  0:54  Probe (Chrono Boost)  
  17  0:59  Probe (Chrono Boost)  
  18  1:12  Pylon  
  18  1:30  Zealot  
  20  1:48  Probe (Chrono Boost)  
  20  1:50  Cybernetics Core  
  21  1:57  Probe (Chrono Boost)  
  21  2:00  Zealot  
  24  2:02  Probe (Chrono Boost)  
  25  2:13  Pylon  
  25  2:17  Gateway x2  
  23  3:24  Stalker  
  25  3:40  Assimilator  
  23  3:45  Pylon  
  23  3:52  Gateway  
  25  4:23  Gateway  
  25  4:24  Gateway  
  25  4:26  Gateway  
  25  4:28  Pylon  
  25  4:37  Stalker (Chrono Boost)  
  25  4:44  Warp Gate  
  27  4:50  Robotics Facility  
  29  5:14  Stalker  
  29  5:28  Stalker  
  22  5:56  Stalker x2  
  7  6:41  Probe  
  8  6:49  Pylon  
  8  7:21  Probe (Chrono Boost)  
  9  7:31  Probe (Chrono Boost)  
  9  7:36  Probe (Chrono Boost)  
  11  7:47  Zealot x3  
  11  7:48  Probe  
  18  8:09  Stalker  
  20  8:13  Probe (Chrono Boost)  
  21  8:22  Probe (Chrono Boost)  
  21  8:23  Stalker  
  24  8:27  Probe (Chrono Boost)  
  25  8:39  Probe  
  24  8:43  Stalker  
  26  8:51  Probe  
  27  9:03  Stalker  
  25  9:37  Stalker  
  25  9:41  Pylon  
  25  9:44  Pylon  
  25  10:04  Stalker  
  25  10:05  Stalker x2  
  29  10:22  Probe (Chrono Boost)  
  29  10:25  Stalker  
  32  10:32  Probe (Chrono Boost)  
  33  10:37  Probe (Chrono Boost)  
  34  10:49  Probe  
  35  11:02  Observer (Chrono Boost)  
  36  11:06  Stalker  
  34  11:26  Pylon  
  27  12:02  Probe (Chrono Boost)  
  28  12:11  Probe (Chrono Boost)  
  29  12:16  Probe (Chrono Boost)  
  30  12:28  Probe  
  31  12:40  Probe  
  30  12:52  Probe  
  17  13:09  Stalker x3  
  23  13:14  Probe  
  24  13:26  Probe  
  25  13:27  Nexus  
  25  13:38  Probe  
  26  13:50  Probe, Nexus  
  27  14:03  Probe  
  28  14:24  Pylon  
  28  14:40  Probe x2  
  30  14:49  Immortal  
  30  14:52  Probe x2  
  36  15:04  Probe x3  
  39  15:16  Probe x2  
  39  15:17  Probe  
  42  15:27  Stargate  
  42  15:33  Stargate  
  42  15:50  Probe x2  
  42  15:51  Probe  
  42  15:54  Assimilator  
  45  15:57  Assimilator  
  45  16:02  Probe  
  45  16:03  Probe  
  47  16:09  Cybernetics Core  
  47  16:15  Void Ray (Chrono Boost)  
  47  16:16  Void Ray (Chrono Boost)  
  55  16:32  Probe x3  
  58  16:44  Probe x3  
  61  16:51  Void Ray  
  65  16:59  Assimilator  
  65  17:04  Assimilator  
Tags
 
Add a new tag
Caveats
  • Supply blocks, unpowered buildings, or Contaminate may cause inaccurate times.
  • Supply counts are checked every 10 seconds.